 Dungeon Crawl Stone Soup version 0.22.0-38-g04b72b8c25 (webtiles) character file.

7682 Loge the Grappler (level 11, -5/113 HPs)
             Began as a Troll Monk on Aug 27, 2018.
             Was a High Priest of Trog.
             Slain by an ice devil (18 damage)
             ... in an ice cave.
             The game lasted 00:27:35 (7756 turns).

Loge the Grappler (Troll Monk)                      Turns: 7756, Time: 00:27:35

Health: -5/113     AC:  6    Str: 21    XL:     11   Next: 0%
Magic:  10/10      EV: 11    Int:  6    God:    Trog [*****.]
Gold:   488        SH:  0    Dex: 15    Spells: 10/10 levels left

rFire    . . .     SeeInvis .     - Unarmed
rCold    . . .     Gourm    +   (no shield)
rNeg     . . .     Faith    .   w - +1 robe
rPois    .         Spirit   .   (helmet restricted)
rElec    .         Reflect  .   (no cloak)
rCorr    .         Harm     .   (gloves unavailable)
MR       .....                  (boots unavailable)
Stlth    ++........             g - amulet of the acrobat
HPRegen  0.68/turn              (no ring)
MPRegen  0.12/turn              (no ring)

@: no status effects
A: large, unfitting armour, claws 3, fast metabolism 3, gourmand, regeneration
1, shaggy fur 1, tough skin 2
a: Berserk, Trog's Hand, Brothers in Arms, Renounce Religion


You were in an ice cave.
You worshipped Trog.
Trog was extremely pleased with you.
You were completely stuffed.

You visited 2 branches of the dungeon, and saw 11 of its levels.
You also visited: Ice Cave.

You collected 488 gold pieces.

Inventory:

Missiles
 c - 4 throwing nets (quivered)
Armour
 w - a +1 robe (worn)
Jewellery
 g - an amulet of the acrobat (around neck)
 G - a +6 amulet of reflection {unknown}
Wands
 q - a wand of paralysis (8)
 v - a wand of enslavement (10)
 y - a wand of flame (24)
 E - a wand of digging (14)
Scrolls
 a - a scroll of fog
 f - 7 scrolls of teleportation
 j - 3 scrolls of remove curse
 o - a scroll of amnesia {unknown}
 r - 2 scrolls of enchant weapon
 s - a scroll of immolation {unknown}
 t - a scroll of fear {unknown}
 B - a scroll of enchant armour
 C - a scroll of summoning {unknown}
 D - a scroll of vulnerability {unknown}
 F - a scroll of magic mapping {unknown}
Potions
 e - 2 potions of lignification
 k - 3 potions of flight
 l - 4 potions of heal wounds
 m - a potion of berserk rage
 n - a potion of might
 p - a potion of degeneration {unknown}
 u - 4 potions of curing
 x - 3 potions of agility
 z - a potion of brilliance
 A - a potion of ambrosia {unknown}
Comestibles
 b - 25 rations


   Skills:
 + Level 8.6 Fighting
 - Level 2.4 Dodging
 - Level 1.0 Stealth
 * Level 13.6 Unarmed Combat


You had 10 spell levels left.
You didn't know any spells.
Your spell library was empty.

Dungeon Overview and Level Annotations

Branches:
Dungeon (10/15)            Temple (0/1) D:6            Lair (1/6) D:9
    Orc (0/2) D:9

Altars:
Dithmenos
Elyvilon
Sif Muna
Trog
Wu Jian
Xom
The Shining One

Shops:
D:6 *   D:8 !

Annotations:
D:3 Terence
D:4 2 runed doors, seani's ghost, amateur GrMo
D:6 exclusion: door
Lair:1 exclusion: electric eel


Innate Abilities, Weirdness & Mutations

You are too large for most types of armour.
You have claws for hands.
Your metabolism is lightning-fast.
You like to eat raw meat.
Your natural rate of healing is unusually fast.
You are covered in fur. (AC +1)
You have very tough skin. (AC +2)


Message History

The ice devil is severely wounded.
You scratch the ice devil but do no damage.
The ice devil is severely wounded.
The ice devil hits you! The ice devil freezes you!
* * * LOW HITPOINT WARNING * * *
You barely miss the ice devil.
The ice devil is severely wounded.
The ice devil hits you!
* * * LOW HITPOINT WARNING * * *
The ice devil freezes you!
* * * LOW HITPOINT WARNING * * *
Press: ? - help, v - describe, . - travel
Here: an ice devil (severely wounded)
The floor.
You scratch the ice devil but do no damage.
The ice devil is severely wounded.
The ice devil hits you!
* * * LOW HITPOINT WARNING * * *
The ice devil freezes you!!
You die...

#### ##§#§#### ####
##.§§§§..# #### ##..##
#§§§§§§.####..#####....##
#§§§§§§..##....##.......#
#§§§§.......#.......∩.∩.#
##.§§....4@###..........#
#§§§...5### ##..##....##
#.§§...## ######..##
#§.§....# #### ##.....##
##....# ##..## ##...#
#...##


You could see an ice devil and a white imp.

Vanquished Creatures
  2 ice statues (IceCv)
  A spiny frog (Lair:1)
  An ice devil (IceCv)
  3 hippogriffs
  A wyvern (D:6)
  3 yaks (D:9)
  A hungry ghost (D:8)
  A water moccasin (D:6)
  A sky beast (D:10)
  2 orc warriors (D:9)
  3 ice beasts
  A black bear (D:4)
  3 phantoms
  2 centaurs (D:7)
  10 ogres
  2 crocodiles
  A big kobold (D:8)
  6 bullfrogs
  3 killer bees (D:9)
  5 wights (D:8)
  5 howler monkeys
  2 crimson imps
  2 bullfrog zombies (D:5)
  A centaur zombie (D:5)
  3 jellies
  4 hounds
  4 bullfrog skeletons
  An orc priest (D:9)
  14 orc wizards
  3 centaur skeletons
  2 iguanas (D:4)
  10 worker ants
  A killer bee zombie (D:5)
  3 hound zombies
  A hound skeleton (D:4)
  A howler monkey zombie (D:10)
  3 worker ant zombies
  3 gnolls (D:6)
  14 adders
  5 shadow imps
  5 white imps (IceCv)
  5 ufetubi (IceCv)
  An ooze (D:3)
  An adder zombie (D:6)
  A worm (D:6)
  A dart slug (D:2)
  7 leopard geckos
  57 orcs
  A ball python (D:3)
  4 giant cockroaches
  8 goblins
  A hobgoblin (D:2)
  3 jackals (D:3)
  3 quokkas
  12 bats
  2 frilled lizards (D:2)
  A giant cockroach zombie (D:6)
  A jackal skeleton (D:4)
  7 kobolds
  A leopard gecko skeleton (D:5)
  A quokka skeleton (D:8)
  A quokka zombie (D:7)
  4 rats
262 creatures vanquished.

Vanquished Creatures (collateral kills)
  A hydra (D:9)
  2 killer bees (D:9)
3 creatures vanquished.

Vanquished Creatures (others)
  2 white imps (IceCv)
  2 ufetubi (IceCv)
4 creatures vanquished.

Grand Total: 269 creatures vanquished

Notes
Turn   | Place    | Note
-------+----------+-------------------------------------------
     0 | D:1      | Loge the Troll Monk began the quest for the Orb.
     0 | D:1      | Reached XP level 1. HP: 22/22 MP: 0/0
   321 | D:1      | Reached XP level 2. HP: 29/29 MP: 1/1
   842 | D:2      | Reached XP level 3. HP: 32/36 MP: 2/2
   865 | D:2      | Noticed a phantom
   882 | D:2      | Killed a phantom
   882 | D:2      | Reached skill level 4 in Unarmed Combat
   882 | D:2      | Reached XP level 4. HP: 29/45 MP: 3/3
  1314 | D:3      | Reached skill level 5 in Unarmed Combat
  1350 | D:3      | Reached XP level 5. HP: 50/53 MP: 4/4
  1703 | D:3      | Noticed Terence
  1825 | D:3      | Found a bloodstained altar of Trog.
  2013 | D:3      | Became a worshipper of Trog the Wrathful
  2013 | D:3      | Reached * piety under Trog
  2013 | D:3      | Reached ** piety under Trog
  2127 | D:4      | Reached XP level 6. HP: 55/62 MP: 5/5
  2224 | D:4      | Reached skill level 6 in Unarmed Combat
  2550 | D:4      | Noticed seani's ghost (amateur GrMo)
  2552 | D:4      | Found a large runed door.
  2552 | D:4      | Found a large runed door.
  2683 | D:4      | Reached XP level 7. HP: 70/70 MP: 6/6
  2722 | D:4      | Reached skill level 7 in Unarmed Combat
  3208 | D:5      | Entered Level 5 of the Dungeon
  3262 | D:5      | Found a shadowy altar of Dithmenos.
  3263 | D:5      | Found a white marble altar of Elyvilon.
  3404 | D:5      | Reached skill level 8 in Unarmed Combat
  3415 | D:5      | Reached skill level 5 in Fighting
  3430 | D:5      | Found a shimmering altar of Xom.
  3520 | D:5      | Reached XP level 8. HP: 80/80 MP: 7/7
  3529 | D:5      | Reached *** piety under Trog
  3782 | D:5      | Reached skill level 9 in Unarmed Combat
  3813 | D:5      | Found a shadowy altar of Dithmenos.
  4174 | D:6      | Reached skill level 10 in Unarmed Combat
  4222 | D:6      | Found a deep blue altar of Sif Muna.
  4255 | D:6      | Reached XP level 9. HP: 89/89 MP: 8/8
  4441 | D:6      | Found Jeq Dipra's General Store.
  4523 | D:6      | Found a staircase to the Ecumenical Temple.
  4742 | D:7      | Reached **** piety under Trog
  4911 | D:7      | Reached skill level 11 in Unarmed Combat
  5231 | D:7      | Found Ahoom's Book Shoppe.
  5425 | D:8      | Found Reigairo's Distillery.
  5643 | D:8      | Reached ***** piety under Trog
  5643 | D:8      | Reached XP level 10. HP: 102/102 MP: 9/9
  5678 | D:8      | Reached skill level 12 in Unarmed Combat
  5749 | D:8      | Found a glowing golden altar of the Shining One.
  6167 | D:9      | Found a staircase to the Orcish Mines.
  6214 | D:9      | Noticed a four-headed hydra
  6224 | D:9      | Killed a four-headed hydra
  6610 | D:9      | Found a staircase to the Lair.
  6681 | D:9      | Found an ornate altar of the Wu Jian Council.
  6753 | D:10     | Entered Level 10 of the Dungeon
  6884 | D:10     | Reached skill level 13 in Unarmed Combat
  7380 | Lair:1   | Entered Level 1 of the Lair of Beasts
  7433 | Lair:1   | Noticed a spiny frog
  7446 | Lair:1   | Killed a spiny frog
  7451 | Lair:1   | Found a frozen archway.
  7461 | IceCv    | Entered an ice cave
  7554 | IceCv    | Noticed an ice statue
  7554 | IceCv    | Noticed an ice statue
  7607 | IceCv    | Killed an ice statue
  7714 | IceCv    | Killed an ice statue
  7732 | IceCv    | Reached XP level 11. HP: 113/113 MP: 10/10
  7756 | IceCv    | Slain by an ice devil

Skill      XL: |  1  2  3  4  5  6  7  8  9 10 |
---------------+-------------------------------+-----
Fighting       | 3 4 5 6 7 8 |  8.6
Unarmed Combat | 4 5 6 8 10 11 13 | 13.6
Dodging        | |  2.4
Stealth        | |  1.0

Action                   |  1- 3 |  4- 6 |  7- 9 | 10-12 || total
-------------------------+-------+-------+-------+-------++-------
Melee: Unarmed           |    69 |   109 |   357 |   195 ||   730
       Punch             |       |     7 |    16 |    13 ||    36
Invok: Berserk           |       |       |     3 |     2 ||     5
       Brothers in Arms  |       |       |       |     2 ||     2
       Trog's Hand       |       |       |       |     1 ||     1
  Use: Scroll            |       |       |     5 |    10 ||    15
 Stab: Sleeping          |     2 |     3 |    12 |     2 ||    19
       Distracted        |       |       |     2 |       ||     2
  Eat: Chunk             |    12 |    18 |    29 |    28 ||    87
Armor: Robe              |    22 |    39 |    73 |    21 ||   155
Dodge: Dodged            |    39 |    36 |   116 |    92 ||   283
